 Dungeon Crawl Stone Soup version 0.16.1-11-g651b585 (webtiles) character file.

513 hulla the Changer (level 7, -1/49 HPs)
             Began as an Octopode Transmuter on Apr 7, 2015.
             Slain by svendre's ghost (7 damage)
             ... on level 4 of the Dungeon.
             The game lasted 00:21:12 (4096 turns).

hulla the Changer (Octopode Transmuter)             Turns: 4096, Time: 00:21:12

Health: -1/49      AC:  3    Str:  9    XL:     7   Next: 20%
Magic:  6/12       EV: 13    Int: 17    God:
Gold:   227        SH:  0    Dex: 17    Spells: 3 memorised, 4 levels left

rFire  . . .     SeeInvis .       - Unarmed
rCold  . . .     Clarity  .     (no shield)
rNeg   . . .     SustAb   .     (helmet restricted)
rPois  .         Gourm    .     (no amulet)
rElec  .         Spirit   .     i - ring of teleport control
rCorr  .         Warding  .     s - +2 ring of protection
rMut   .         Stasis   .     n - +4 ring of dexterity
MR     .....                    (no ring)
Stlth  +++.......               (no ring)
                                (no ring)
                                (no ring)
                                (no ring)

@: about to teleport, not resistant to hostile enchantments, fairly stealthy
A: almost no armour, amphibious, 8 rings, constrict 8, camouflage 1, gelatinous
body 1
a: Evoke Teleport Control


You were on level 4 of the Dungeon.
You were hungry.

You visited 1 branch of the dungeon, and saw 4 of its levels.

You collected 227 gold pieces.

Inventory:

Missiles
 b - 47 arrows
 f - 21 poisoned needles
 k - 66 stones (quivered)
 x - 5 arrows of flame
 y - 20 poisoned arrows
Magical staves
 l - an uncursed staff of power {unknown}
Jewellery
 i - a ring of teleport control (left tentacle)
 n - a +4 ring of dexterity (on tentacle)
 s - a +2 ring of protection (right tentacle)
Magical devices
 t - a wand of cold (1)
 u - a wand of polymorph (8)
 z - a wand of frost (8)
 A - a wand of polymorph (7)
Scrolls
 h - a scroll of magic mapping
 o - 2 scrolls of identify
 q - a scroll of amnesia
 r - a scroll of recharging
 v - a scroll of teleportation
 w - a scroll of immolation {unknown}
 B - a scroll of fear {unknown}
 D - a scroll of enchant armour {unknown}
Potions
 c - a potion of brilliance {unknown}
 e - 2 potions of agility
 m - 5 potions of curing
 C - 2 potions of heal wounds
Books
 d - a book of Changes

   Spells                             Type                      Level
   a - Beastly Appendage              Transmutation                1
   b - Sticks to Snakes               Transmutation                2
   c - Spider Form                    Transmutation/Poison         3
   d - Ice Form                       Ice/Transmutation            4
   e - Blade Hands                    Transmutation                5
Comestibles
 a - 3 bread rations
 g - 2 slices of pizza
 j - 4 meat rations
 p - a beef jerky
 E - a chunk of flesh


   Skills:
 - Level 4.5 Fighting
 - Level 2.0 Dodging
 - Level 3.0 Unarmed Combat
 - Level 2.0 Spellcasting
 + Level 4.8 Transmutations
 - Level 4.2 Poison Magic


You had 4 spell levels left.
You knew the following spells:

 Your Spells              Type           Power        Failure   Level  Hunger
a - Beastly Appendage     Trmt           ###...       2%          1    #......
b - Spider Form           Trmt/Pois      ###.......   10%         3    ###....
c - Sticks to Snakes      Trmt           ###.......   4%          2    ###....


Dungeon Overview and Level Annotations

Branches:
Dungeon (4/15)
 Temple: D:4-7

Altars:
Elyvilon
Sif Muna

Annotations:
D:3 Grinder
D:4 svendre's ghost, weakling GrFi


Innate Abilities, Weirdness & Mutations

You cannot wear most types of armour.
You are amphibious.
You can wear up to eight rings at the same time.
You can use your tentacles to constrict many enemies at once.
Your skin changes colour to match your surroundings (Stealth).
Your rubbery body absorbs attacks (AC +1).


Message History

You hit svendre's ghost but do no damage.
Svendre's ghost is moderately damaged.
Svendre's ghost misses you.
You hit svendre's ghost but do no damage.
Svendre's ghost is moderately damaged.
Svendre's ghost barely misses you.
You hit svendre's ghost but do no damage.
Svendre's ghost is moderately damaged.
Svendre's ghost closely misses you.
You hit svendre's ghost.
Svendre's ghost is moderately damaged.
Svendre's ghost hits you!
* * * LOW HITPOINT WARNING * * *
Read which item? (? for menu, Esc to quit)
As you read the scroll of teleportation, it crumbles to dust.
You feel strangely unstable.
Your transformation has ended.
Svendre's ghost completely misses you. Svendre's ghost hits you!
You die...

##########################
..........................
###############...########
#..............#
#.###.....#....#
#.#.......#..#.#######
#.#.#@....#...........
#.#.#.W...#...........
#.#.#.#..<#...........
#.#(#.#...#...........
#.#(#.###.#..#........
#.#)#.....#..#........
#.#)#######..#.####...
#.#..........#.####...
#.#>..................


You could see svendre's ghost.

Vanquished Creatures
  An ogre (D:4)
  Sigmund (D:3)
  2 orc wizards (D:4)
  3 hounds (D:4)
  An iguana (D:4)
  Natasha (thrice) (D:3)
  Terence (D:3)
  A hound skeleton (D:4)
  Robin (D:4)
  2 adders
  A giant gecko (D:1)
  An ooze (D:1)
  7 orcs (D:4)
  A ball python (D:1)
  11 bats
  A giant cockroach (D:2)
  15 goblins
  12 hobgoblins
  2 jackals (D:3)
  3 quokkas
  A giant gecko skeleton (D:4)
  4 giant newts
  11 kobolds
  9 rats
95 creatures vanquished.

Vanquished Creatures (others)
  A quokka (D:4)
1 creature vanquished.

Grand Total: 96 creatures vanquished

Notes
Turn   | Place    | Note
--------------------------------------------------------------
     0 | D:1      | hulla, the Octopode Transmuter, began the quest for the Orb.
     0 | D:1      | Reached XP level 1. HP: 13/13 MP: 3/3
   154 | D:1      | Reached XP level 2. HP: 16/18 MP: 4/4
  1137 | D:1      | Reached XP level 3. HP: 20/23 MP: 4/6
  1223 | D:1      | Learned a level 3 spell: Spider Form
  1226 | D:1      | Learned a level 2 spell: Sticks to Snakes
  1949 | D:2      | Reached skill level 1 in Poison Magic
  2163 | D:3      | Noticed Sigmund
  2171 | D:3      | Killed Sigmund
  2171 | D:3      | Reached skill level 4 in Transmutations
  2171 | D:3      | Reached XP level 4. HP: 20/28 MP: 3/7
  2171 | D:3      | Reached XP level 5. HP: 23/33 MP: 3/9
  2292 | D:3      | Noticed Natasha
  2294 | D:3      | Killed Natasha
  2336 | D:3      | Found a deep blue altar of Sif Muna.
  2454 | D:3      | Noticed Natasha
  2462 | D:3      | Killed Natasha
  2476 | D:3      | Noticed Natasha
  2477 | D:3      | Noticed Grinder
  2739 | D:3      | Killed Natasha
  2993 | D:3      | Noticed Terence
  3005 | D:3      | Killed Terence
  3242 | D:4      | Reached XP level 6. HP: 37/39 MP: 0/10
  3288 | D:4      | Noticed svendre's ghost (weakling GrFi)
  3460 | D:4      | Found a white marble altar of Elyvilon.
  3542 | D:4      | Noticed Robin
  3574 | D:4      | Killed Robin
  3733 | D:4      | Noticed an ogre
  3752 | D:4      | Killed an ogre
  3752 | D:4      | Reached XP level 7. HP: 25/49 MP: 10/12
  4096 | D:4      | Slain by svendre's ghost

Action                   |  1- 3 |  4- 6 |  7- 9 || total
-------------------------+-------+-------+-------++-------
Melee: Unarmed           |   104 |   128 |    43 ||   275
Throw: Stone             |       |     6 |       ||     6
 Cast: Beastly Appendage |    15 |     3 |       ||    18
       Spider Form       |     1 |    10 |     4 ||    15
       Sticks to Snakes  |       |       |     3 ||     3
 Abil: End Transformatio |       |     1 |       ||     1
  Use: Scroll            |     6 |     5 |     1 ||    12
       Potion            |     1 |     6 |     1 ||     8
 Stab: Sleeping          |     7 |     1 |       ||     8
  Eat: Chunk             |     4 |     8 |     1 ||    13
